 Dungeon Crawl Stone Soup version 0.23-a0-171-g5ae17c6 (webtiles) character file.

231 mopl the Grave Robber (level 5, -6/35 HPs)
             Began as a Mummy Necromancer on Sept 14, 2018.
             Mangled by a centaur zombie (8 damage)
             ... in an ossuary.
             The game lasted 00:07:11 (4282 turns).

mopl the Grave Robber (Mummy Necromancer)           Turns: 4282, Time: 00:07:11

Health: -6/35      AC:  3    Str: 12    XL:     5   Next: 72%
Magic:  12/12      EV: 12    Int: 15    God:
Gold:   259        SH:  0    Dex: 12    Spells: 4/13 levels left

rFire    x . .     SeeInvis .   c - +0 spear
rCold    + . .     Gourm    .   (no shield)
rNeg     + + +     Faith    .   a - +0 robe
rPois    ∞         Spirit   .   m - +0 helmet
rElec    .         Reflect  .   o - scarf {repulsion}
rCorr    +         Harm     .   (no gloves)
MR       .....                  (no boots)
Stlth    ++........             (no amulet)
HPRegen  0.11/turn              q - ring of resist corrosion
MPRegen  0.13/turn              (no ring)

@: repel missiles
A: no food or potions, fire vulnerability, cold resistance 1, negative energy
resistance 3, torment resistance, unbreathing
a: no special abilities


You were in an ossuary.
You were not hungry.

You visited 1 branch of the dungeon, and saw 4 of its levels.
You also visited: Ossuary.

You collected 259 gold pieces.

Inventory:

Hand Weapons
 c - a +0 spear (weapon)
 n - a +0 dagger of venom
 p - a +0 trident
Missiles
 e - 5 javelins (quivered)
 j - 9 poisoned needles
Armour
 a - a +0 robe (worn)
 m - a +0 helmet (worn)
 o - a scarf of repulsion (worn)
Jewellery
 q - a ring of resist corrosion (left hand)
Wands
 l - a wand of digging (6)
Scrolls
 b - a scroll of enchant armour
 d - 2 scrolls of blinking {unknown}
 f - 2 scrolls of fear {unknown}
 g - 3 scrolls of identify
 h - a scroll of teleportation {unknown}
 i - 3 scrolls of remove curse {unknown}
 k - a scroll of amnesia {unknown}


   Skills:
 - Level 1.5 Dodging
 - Level 1.5 Stealth
 + Level 4.7 Spellcasting
 * Level 6.2 Necromancy


You had 4 spell levels left.
You knew the following spells:

 Your Spells              Type           Power        Failure   Level  Hunger
a - Pain                  Necr           ###.         1%          1    N/A
b - Vampiric Draining     Necr           ###.......   3%          3    N/A
x - Animate Skeleton      Necr           N/A          1%          1    N/A
X - Animate Dead          Necr           N/A          13%         4    N/A

Your spell library contained the following spells:

 Spells                   Type           Power        Failure   Level  Hunger
 Regeneration             Chrm/Necr      Unusable     N/A         3    N/A

Dungeon Overview and Level Annotations

Branches:
Dungeon (4/15)
 Temple: D:4-7

Altars:
Hepliaklqana
Qazlal
Uskayaw
Zin


Innate Abilities, Weirdness & Mutations

You do not eat or drink.
Your flesh is vulnerable to fire.
You are immune to poison.
Your flesh is cold resistant. (rC+)
You are immune to negative energy. (rN+++)
You are immune to unholy pain and torment.
You can survive without breathing.


Message History

The centaur zombie hits you!
* * * LOW HITPOINT WARNING * * *
You hit the centaur zombie.
The centaur zombie is severely damaged.
The centaur zombie hits you.
* * * LOW HITPOINT WARNING * * *
You hit the centaur zombie but do no damage.
The centaur zombie is severely damaged.
The centaur zombie barely misses you. The centaur zombie hits you.
* * * LOW HITPOINT WARNING * * *
No other missiles available.
Use F to throw any item.
No other missiles available.
Use F to throw any item.
Evoke which item? (* to show all) (? for menu, Esc to quit)
Okay, then.
Unknown command.
As you read the scroll labeled SOEHEVUOSA, it crumbles to dust.
It is a scroll of identify.
b - a scroll of enchant armour The centaur zombie hits you!
You die...

######################
#....................#
#....................#
#....#@#......###....#
#...##Z##....## ##...#
#...#ZZZ#....# #...#
#...#.Z.#....# #...#
#..##...##..## ##..#
#..#.....#..# #..#
#..#+#.#+#..# #.∩#
#..# #.# #..# #..#
#..# #..# #..#


You could see a quokka zombie, a hound zombie, a hobgoblin zombie, a big kobold
zombie and a centaur zombie.

Vanquished Creatures
  An orc priest (D:3)
  Terence (D:3)
  A hound zombie (Ossuary)
  5 adders
  3 adder zombies (Ossuary)
  A worm (D:3)
  3 leopard geckos
  6 orcs
  A gnoll zombie (Ossuary)
  8 hobgoblins
  9 jackals
  3 kobolds
  2 ball pythons (D:3)
  6 bats
  9 frilled lizards
  6 goblins
  2 goblin zombies (Ossuary)
  A hobgoblin zombie (Ossuary)
  A jackal zombie (Ossuary)
  8 kobold zombies (Ossuary)
  An orc zombie (Ossuary)
  4 quokka zombies (Ossuary)
  3 rats
  2 rat zombies (Ossuary)
87 creatures vanquished.

Vanquished Creatures (collateral kills)
  An adder (D:2)
  An orc (D:3)
  2 hobgoblins
  A kobold (D:2)
  A bat (D:3)
6 creatures vanquished.

Grand Total: 93 creatures vanquished

Notes
Turn   | Place    | Note
-------+----------+-------------------------------------------
     0 | D:1      | mopl the Mummy Necromancer began the quest for the Orb.
     0 | D:1      | Reached XP level 1. HP: 13/13 MP: 4/4
    42 | D:1      | Learned a level 1 spell: Animate Skeleton
   228 | D:1      | Reached skill level 3 in Spellcasting
   250 | D:1      | Reached XP level 2. HP: 11/19 MP: 1/6
   801 | D:2      | Found a faded altar of an unknown god.
   902 | D:2      | Reached XP level 3. HP: 23/24 MP: 2/7
   907 | D:2      | Learned a level 3 spell: Vampiric Draining
   927 | D:2      | Noticed a dagger
   933 | D:2      | Noticed a hand axe
   935 | D:2      | Found a hide-covered altar of Uskayaw.
  1272 | D:2      | Reached skill level 5 in Necromancy
  2140 | D:3      | Found a glowing silver altar of Zin.
  2143 | D:3      | Reached XP level 4. HP: 30/30 MP: 5/9
  2432 | D:3      | Reached skill level 4 in Spellcasting
  2494 | D:3      | Learned a level 4 spell: Animate Dead
  2662 | D:3      | Found a stormy altar of Qazlal.
  2662 | D:3      | Noticed a fire elemental
  2663 | D:3      | Noticed an earth elemental
  2663 | D:3      | Noticed an air elemental
  2663 | D:3      | Noticed a water elemental
  2840 | D:3      | Reached XP level 5. HP: 30/35 MP: 4/11
  3055 | D:3      | Noticed Terence
  3067 | D:3      | Killed Terence
  3279 | D:3      | Reached skill level 6 in Necromancy
  3366 | D:4      | Found a sand-covered staircase.
  3389 | D:4      | Found a hazy altar of Hepliaklqana.
  3398 | Ossuary  | Entered an ossuary
  4282 | Ossuary  | Mangled by a centaur zombie

Vault maps used:
D:1:      co_arrival_random_square_maze
D:2:      dancing_weapons_uskayaw, chequers_ecumenical_altar_simple
D:3:      old_standard_altar, nicolae_qazlal_style_of_elements,
          saegor_snake_ambush, uniq_terence
D:4:      nicolae_overflow_crystal_walls, enter_ossuary_1, gammafunk_ghost_grave
Ossuary:  minmay_ossuary_two_tombs

Skill      XL: |  1  2  3  4  5 |
---------------+----------------+-----
Spellcasting   | 3 4 |  4.7
Necromancy     | 5 6 |  6.2
Dodging        | |  1.5
Stealth        | |  1.5

Action                   |  1- 3 |  4- 6 || total
-------------------------+-------+-------++-------
Melee: Spear             |    61 |   172 ||   233
       Dagger            |       |    39 ||    39
 Cast: Pain              |    49 |    25 ||    74
       Animate Skeleton  |     8 |     7 ||    15
       Vampiric Draining |     4 |     3 ||     7
       Animate Dead      |       |     1 ||     1
  Use: Scroll            |       |     1 ||     1
 Stab: Sleeping          |     3 |     1 ||     4
Armor: Robe              |    11 |    48 ||    59
Dodge: Dodged            |    45 |   157 ||   202

Table legend:
 A = Non-vault XP
 B = Vault XP
 C = Vault XP percentage of total XP
 D = Non-vault monster count
 E = Vault monster count
 F = Vault count percentage of total count
                 A         B        C        D         E       F
            +---------+---------+-------+---------+---------+-------
      Total |     205 |     125 |  37.9 |      64 |      29 |  31.2
            +---------+---------+-------+---------+---------+-------
        D:1 |      23 |       0 |   0.0 |      14 |       0 |   0.0
        D:2 |      65 |       0 |   0.0 |      26 |       0 |   0.0
        D:3 |     117 |      66 |  36.1 |      24 |       5 |  17.2
    Ossuary |       0 |      59 | 100.0 |       0 |      24 | 100.0
            +---------+---------+-------+---------+---------+-------
